 Dungeon Crawl Stone Soup version 0.21-a0-496-g696f58f (webtiles) character file.

56 slep the Skirmisher (level 3, 0/29 HPs)
             Began as a Demonspawn Wanderer on Nov 24, 2017.
             Slain by a worm (4 damage)
             ... on level 2 of the Dungeon.
             The game lasted 00:03:24 (901 turns).

slep the Skirmisher (Demonspawn Wanderer)            Turns: 901, Time: 00:03:24

Health: 0/29       AC:  8    Str: 15    XL:     3   Next: 71%
Magic:  3/3        EV:  9    Int: 11    God:
Gold:   69         SH:  0    Dex: 12    Spells: 2/2 levels left

rFire    . . .     SeeInvis .   b - +0 hand axe
rCold    + . .     Gourm    .   (no shield)
rNeg     . . .     Faith    .   a - +2 scale mail
rPois    .         Spirit   .   (no helmet)
rElec    .         Reflect  .   (no cloak)
rCorr    .         Harm     .   (no gloves)
MR       .....                  (no boots)
Stlth    ..........             k - amulet of magic regeneration
HPRegen  0.09/turn              l - ring of protection from cold
MPRegen  0.33/turn              (no ring)

@: no status effects
A: claws 1, powered by pain 1
a: no special abilities


You were on level 2 of the Dungeon.
You were not hungry.

You visited 1 branch of the dungeon, and saw 2 of its levels.

You collected 69 gold pieces.

Inventory:

Hand Weapons
 b - a +0 hand axe (weapon)
 m - a +0 mace
Armour
 a - a +2 scale mail (worn)
 q - a +2 leather armour of positive energy
Jewellery
 k - an amulet of magic regeneration (around neck)
 l - a ring of protection from cold (left claw)
Scrolls
 e - 2 scrolls of identify {unknown}
 h - a scroll of amnesia {unknown}
 i - a scroll of enchant weapon {unknown}
 j - a scroll of blinking {unknown}
 r - a scroll of remove curse {unknown}
 s - a scroll of magic mapping {unknown}
Potions
 c - 3 potions of curing
 f - a potion of might {unknown}
 n - a potion of heal wounds {unknown}
 p - 2 potions of brilliance {unknown}
Comestibles
 d - a bread ration
 g - a royal jelly
 o - a chunk of flesh


   Skills:
 + Level 3.5 Fighting
 + Level 2.6(2.8) Axes
 + Level 1.0(2.0) Maces & Flails
 + Level 1.0 Throwing
 + Level 2.4 Armour
 + Level 0.4 Dodging
   Level 1.0 Evocations


You had 2 spell levels left.
You didn't know any spells.

Dungeon Overview and Level Annotations

Branches:
Dungeon (2/15)

Altars:


Innate Abilities, Weirdness & Mutations

You have sharp fingernails.
You sometimes gain a little power by taking damage.


Message History

The worm is lightly wounded.
The worm bites you.
* * * LOW HITPOINT WARNING * * *
You hit the worm.
The worm is moderately wounded.
You hit the worm.
The worm is moderately wounded.
The worm closely misses you.
You slash the worm!
The worm is severely wounded.
The worm bites you but does no damage.
You hit the worm.
The worm is almost dead.
The worm closely misses you.
You barely miss the worm.
The worm is almost dead.
You barely miss the worm.
The worm is almost dead.
The worm bites you.
You die...

....#. ...... .
....#.###......
.
...............
#
#.......%.....
#
##.............
#
.<........(....
#
.?....††w......
# #@# #.# #.#
#.# ########
#.# #......#
#.# #.....)'
#.# #.....)#
#.# #.......
#######.#
#.......


You could see a worm.

Vanquished Creatures
  An adder (D:2)
  3 worms (D:2)
  2 dart slugs
  A leopard gecko (D:2)
  4 goblins (D:1)
  9 hobgoblins
  3 kobolds
  A quokka (D:2)
  2 bats (D:2)
  7 rats
33 creatures vanquished.

Notes
Turn   | Place    | Note
-------+----------+-------------------------------------------
     0 | D:1      | slep the Demonspawn Wanderer began the quest for the Orb.
     0 | D:1      | slep set off with: a +2 scale mail, a +0 hand axe, a potion of curing, a bread ration
     0 | D:1      | Reached XP level 1. HP: 18/18 MP: 1/1
   213 | D:1      | Gained mutation: You sometimes gain a little power by taking damage. [demonic ancestry]
   213 | D:1      | Reached XP level 2. HP: 17/24 MP: 2/2
   660 | D:2      | Gained mutation: You have sharp fingernails. [demonic ancestry]
   660 | D:2      | Reached XP level 3. HP: 19/29 MP: 3/3
   901 | D:2      | Slain by a worm

Vault maps used:
D:1:      dpeg_arrival_arbitrary_a, grunt_decor_fettered
D:2:      first_bread

Skill      XL: |  1  2 |
---------------+-------+-----
Armour         | 2 |  2.4
Axes           | 2 |  2.6
Fighting       | |  3.5
Maces & Flails | |  1.0
Throwing       | |  1.0
Dodging        | |  0.4
Evocations     | |  1.0

Action                   || total
-------------------------++-------
Melee: Hand axe          ||   117
Armor: Scale mail        ||    62
Dodge: Dodged            ||    55

Table legend:
 A = Spawn XP
 B = Non-spawn XP
 C = Spawn XP percentage of total XP
 D = Spawn monster count
 E = Non-spawn monster count
 F = Spawn count percentage of total count
 G = Total turns spent on level
                    A         B        C        D         E        F      G
               +---------+---------+-------+---------+---------+-------+---------
         Total |       0 |      81 |   0.0 |       0 |      33 |   0.0 |   901
               +---------+---------+-------+---------+---------+-------+---------
           D:1 |       0 |      31 |   0.0 |       0 |      18 |   0.0 |   617
           D:2 |       0 |      50 |   0.0 |       0 |      15 |   0.0 |   284
               +---------+---------+-------+---------+---------+-------+---------
